AoeStats
← Stihl

Arabia

510555322Analyzed
1v1 RM · 16h ago on Oct 1, 2026· 27m 8s· 2 players
Game mode
Random Map
Map size
Tiny (2 player)
Population
200
Speed
Normal
Resources
Standard
Victory
Conquest
Starting age
Dark Age
Ending age
Imperial Age
RankedLock teamsTeams togetherTeam positionsShared explorationLock speedFull tech treeHidden civsTurbo modeCheats
Victory
Defeat
🇪🇸 Koreans · Spain
1139
+16
🇹🇷 Bulgarians · Türkiye
1132
-16
Jean Veljean
8:36 Loom
11:59 Feudal Age
23:44 Castle Age
22:21 Gold Mining
23:02 Fletching
23:55 Padded Archer Armor
23:58 Double-Bit Axe
Stihl
4:59 Loom
10:33 Feudal Age
11:16 Double-Bit Axe
18:55 Castle Age
18:59 Fletching
23:48 Bodkin Arrow
24:18 Thumb Ring
Connection lost

Rejoining the realm…

Still unreachable

The connection could not be restored.

Session expired

The server has moved on; the page needs a fresh start.